AoeStats
← ThunderboltX

Arena

510182857Analyzed
1v1 RM · 3d ago on Sep 29, 2026· 24m 4s· 2 players
Game mode
Random Map
Map size
Tiny (2 player)
Population
200
Speed
Normal
Resources
Standard
Victory
Conquest
Starting age
Dark Age
Ending age
Imperial Age
RankedLock teamsTeams togetherTeam positionsShared explorationLock speedFull tech treeHidden civsTurbo modeCheats
Victory
Defeat
🇧🇬 Burmese · Bulgaria
2376
+15
🇬🇧 Celts · United Kingdom
2358
-15
Draconian
9:59 Feudal Age
11:06 Double-Bit Axe
13:39 Castle Age
11:38 Horse Collar
14:43 Bow Saw
15:56 Wheelbarrow
16:39 Loom
18:01 Town Watch
ThunderboltX
9:48 Feudal Age
13:33 Castle Age
12:37 Loom
15:19 Sanctity
15:09 Fervor
15:18 Gold Mining
21:33 Redemption
21:25 Town Watch
Connection lost

Rejoining the realm…

Still unreachable

The connection could not be restored.

Session expired

The server has moved on; the page needs a fresh start.